Atomiques vs Gangsters

Created - December 29, 2019 at 19:04

Goals
1 2 3 T
Atomiques 3 3 3 9
Gangsters 0 2 2 4
Shots
1 2 3 T
Atomiques 11 9 11 31
Gangsters 3 21 8 32

1st period

1. Atomiques , Chris Tierney 13 (Max Domi 21) at 7:32
2. Atomiques , Dwight King 8 (Michael Chaput 13, John Draeger 8) at 9:09
3. Atomiques , Corey Tropp 4 (Max Domi 22, Wiley Sherman 9) at 9:23

Penalties :
Corey Tropp (STB) for Holding (Minor) at 9:45

2nd period

4. Atomiques , Nikolaj Ehlers 10 (William Nylander 11, Chris Tierney 15) at 8:27 (PP)
5. Gangsters , Seth Griffith 11 (Joshua Jacobs 1, Richard Panik 38) at 9:36
6. Atomiques , Chris Tierney 14 (Colby Cohen 8, Connor Hellebyuk) at 10:27
7. Gangsters , Artem Anisimov 16 (Dave Dziurzynski 23) at 10:41
8. Atomiques , Max Domi 10 (Chris Tierney 16, Bobby Farnham 5) at 15:10

Penalties :
Brett Ponich (Bro) for Cross-checking (Minor) at 7:51, Max Domi (STB) for Hooking (Minor) at 11:34, Artem Anisimov (Bro) for Fighting (Major) at 15:23, Eric Gustafsson (STB) for Fighting (Major) at 15:23

3rd period

9. Gangsters , Devante Smith-Pelly 13 (Dave Dziurzynski 24, Seth Griffith 13) at 1:26 (PP)
10. Atomiques , Eric Gustafsson 2 (Anthony Nigro 2) at 7:26
11. Gangsters , David Pope 6 (Seth Griffith 14, Richard Panik 39) at 8:02
12. Atomiques , Dwight King 9 (Colby Cohen 9) at 8:40 (SH)
13. Atomiques , James Wright 5 (Corey Tropp 6, Eric Gustafsson 8) at 16:42 (PP)

Penalties :
Bobby Farnham (STB) for Roughing (Minor) at 0:42, Matt Delahey (Bro) for Holding (Minor) at 3:33, James Wright (STB) for Roughing (Minor) at 8:29, Anthony Nigro (STB) for Hooking (Minor) at 13:35, Samuel Blais (Bro) for High sticking (Double Minor) at 16:28, Colby Cohen (STB) for Tripping (Minor) at 17:26

Goalie Stats

Connor Hellebyuk (STB), 28 saves from 32 shots - (0.875), W, 10-7-2, 60:00 minutes
Jordan Binnington (Bro), 4 saves from 8 shots - (0.500), L, 1-6-0, 20:13 minutes
Dustin Tokarski (Bro), 18 saves from 23 shots - (0.783), 39:47 minutes

Players Stats for Atomiques

Player Name              G  A  P  +/- PIM S  H  SB GA TA FO     MP     PP MP  PK MP  
------------------------------------------------------------------------------------
Anthony Nigro            0  1  1   2  2   2  0  0  0  1  3/4     7:58   0:00   0:11 
Bobby Farnham            0  1  1   1  2   1  0  2  0  0  0/1    11:00   0:00   0:00 
Chris Tierney            2  2  4   3  0   3  1  2  0  0  13/28  21:21   1:32   5:29 
Colby Cohen              0  2  2   4  2   0  1  0  0  1  0/0    23:39   2:59   6:10 
Connor Clifton           0  0  0   2  0   0  0  0  0  0  0/0    14:48   0:00   0:32 
Corey Tropp              1  1  2   2  2   4  1  2  0  0  1/1    18:40   2:01   1:36 
Dalton Smith             0  0  0   2  0   0  1  0  0  0  0/0     7:50   0:00   0:10 
Dwight King              2  0  2   2  0   4  3  0  1  0  0/0    17:36   0:00   5:50 
Eric Gustafsson          1  1  2   4  5   2  0  0  0  0  0/0    16:20   3:00   0:11 
Eric Mestery             0  0  0   1  0   1  0  3  1  0  0/0    14:55   0:00   2:59 
James Wright             1  0  1  -2  2   3  1  0  0  1  8/12   16:03   2:01   1:47 
John Draeger             0  1  1  -1  0   1  4  3  1  0  0/0    27:26   0:33   6:11 
Joseph Cramarossa        0  0  0   0  0   0  0  0  0  0  0/0     0:00   0:00   0:00 
Max Domi                 1  2  3   2  2   2  0  1  0  0  2/2    17:30   2:01   0:00 
Max McCormick            0  0  0   2  0   0  1  0  0  0  0/0     7:40   0:00   0:00 
Michael Chaput           0  1  1   1  0   6  1  0  0  1  1/12   13:56   0:00   2:08 
Mike Halmo               0  0  0   0  0   0  0  0  0  0  0/0     2:08   0:00   1:37 
Nikolaj Ehlers           1  0  1  -2  0   2  0  1  0  0  2/2    13:34   1:32   0:00 
Wiley Sherman            0  1  1  -2  0   0  0  2  1  0  0/0    23:16   0:33   2:45 
William Nylander         0  1  1  -2  0   0  2  0  0  0  0/0    13:34   1:32   0:00 

Players Stats for Gangsters

Player Name              G  A  P  +/- PIM S  H  SB GA TA FO     MP     PP MP  PK MP  
------------------------------------------------------------------------------------
Adam Lowry               0  0  0  -2  0   0  0  0  0  0  2/2     7:59   0:00   0:00 
Artem Anisimov           1  0  1  -4  5   4  1  1  0  1  16/36  21:27   5:11   2:33 
Brett Ponich             0  0  0  -1  2   2  1  0  0  1  0/0    25:46   5:25   2:11 
Connor Chatam            0  0  0   0  0   0  0  0  0  0  0/0     0:32   0:00   0:32 
Dave Dziurzynski         0  2  2  -4  0   1  4  0  0  0  2/2    21:24   5:11   0:28 
David Pope               1  0  1   2  0   4  2  1  0  0  0/1    16:13   4:01   0:00 
Derrick Pouliot          0  0  0   0  0   0  1  0  0  0  0/0    10:52   0:00   0:31 
Devante Smith-Pelly      1  0  1  -4  0   4  1  0  1  0  2/2    23:46   5:11   2:33 
Jacob Middleton          0  0  0   0  0   0  0  0  0  0  0/0     1:28   0:00   1:28 
Jake Marchment           0  0  0   0  0   0  0  0  0  0  0/0     0:21   0:12   0:00 
Jonas Brodin             0  0  0  -2  0   0  1  3  0  0  0/0    19:21   3:59   0:36 
Jordan Subban            0  0  0   0  0   0  0  0  0  0  0/0     0:10   0:00   0:10 
Joshua Jacobs            0  1  1  -1  0   0  0  0  0  0  0/0     4:09   0:00   0:00 
Julius Vahatalo          0  0  0   0  0   0  0  0  0  0  4/5     2:39   0:12   0:00 
Kevin Roy                0  0  0   0  0   2  2  0  0  0  2/4    10:14   0:00   0:00 
Matt Delahey             0  0  0  -1  2   2  2  1  1  0  0/0    24:50   5:25   1:34 
Morgan Ellis             0  0  0  -2  0   1  2  2  0  0  0/0    19:21   3:59   0:36 
Phillip Danault          0  0  0   0  0   1  1  0  0  0  0/0    10:46   0:00   0:32 
Richard Panik            0  2  2   2  0   3  1  0  0  0  0/1    17:08   4:01   0:28 
Ryan Culkin              0  0  0   0  0   2  0  0  0  1  0/0     9:57   0:00   0:00 
Samuel Blais             0  0  0  -2  4   1  2  0  1  0  0/0     8:10   0:12   0:00 
Sebastian Collberg       0  0  0  -2  0   0  0  0  0  1  0/0     7:59   0:00   0:00 
Seth Griffith            1  2  3   2  0   3  0  0  0  0  4/8    16:13   4:01   0:00 
Stefan Noesen            0  0  0   0  0   2  1  0  1  0  0/1    10:14   0:00   0:00 
Steven Santini           0  0  0  -1  0   0  0  0  0  0  0/0     4:09   0:00   0:00 

3 Stars

1 - Chris Tierney (STB)
2 - Dwight King (STB)
3 - Max Domi (STB)

Power Play

Atomiques - 2 on 4 Attempt(s) - 50.00%
Gangsters - 1 on 6 Attempt(s) - 16.67%

Penalty Kill

Atomiques - 5 on 6 Attempt(s) - 83.33% - Score 1 goal in Penalty Kill
Gangsters - 2 on 4 Attempt(s) - 50.00% - Score 0 goal in Penalty Kill

Team Stat

Atomiques - Hits : 16 - Faceoff Wins : 30 - Blocked Shots : 16 - Penalty Minutes : 17
Gangsters - Hits : 22 - Faceoff Wins : 32 - Blocked Shots : 8 - Penalty Minutes : 13

Official

Referees : Unknown
Linesman : Unknown

Game Notes

Jordan Binnington enters game at 8:27 of 2nd period
Artem Anisimov and Eric Gustafsson fight to a draw at 15:23 of 2nd period
Dustin Tokarski enters game at 8:40 of 3rd period
16:42 of 3rd period - Atomiques goal is going for a video replay. After video review, Goal.

Finance

Level 1 -- Attendance: 1374 (68.70%) -- Ticket Income $54,960
Level 2 -- Attendance: 692 (69.20%) -- Ticket Income $13,840
Total Attendance: 2066 (68.87%)
Total Ticket Income: $68,800
Other Income: $3,440
Total Income: $72,240

Atomiques

5 vs 5 Forward 
   Center                   Left Wing                Right Wing               Time % Phy DF OF 
 1 Chris Tierney            Max Domi                 Corey Tropp              35     0   2  3  
 2 James Wright             Nikolaj Ehlers           William Nylander         30     0   1  4  
 3 Michael Chaput           Dwight King              Bobby Farnham            30     0   2  3  
 4 Anthony Nigro            Dalton Smith             Max McCormick            5      1   2  2  

5 vs 5 Defense 
   Defense                  Defense                                           Time % Phy DF OF 
 1 John Draeger             Wiley Sherman                                     40     0   2  3  
 2 Colby Cohen              Eric Gustafsson                                   30     0   2  3  
 3 Connor Clifton           Eric Mestery                                      20     1   2  2  
 4 John Draeger             Wiley Sherman                                     10     0   2  3  

PowerPlay Forward 
   Center                   Left Wing                Right Wing               Time % Phy DF OF 
 1 James Wright             Max Domi                 Corey Tropp              50     0   2  3  
 2 Chris Tierney            Nikolaj Ehlers           William Nylander         50     0   1  4  

PowerPlay Defense
   Defense                  Defense                                           Time % Phy DF OF 
 1 Colby Cohen              Eric Gustafsson                                   60     0   2  3  
 2 Wiley Sherman            John Draeger                                      40     0   2  3  

Penalty Kill 4 Players Forward 
   Center                   Wing                     Time % Phy DF OF 
 1 Chris Tierney            Dwight King              60     1   3  1  
 2 James Wright             Corey Tropp              40     1   3  1  

Penalty Kill 4 Players Defense
   Defense                  Defense                  Time % Phy DF OF 
 1 Colby Cohen              John Draeger             60     1   3  1  
 2 Colby Cohen              Eric Mestery             40     1   3  1  

Penalty Kill - 3 Players Forward 
   Forward                                           Time % Phy DF OF 
 1 Chris Tierney                                     60     1   3  1  
 2 James Wright                                      40     1   3  1  

Penalty Kill - 3 Players Defense
   Defense                  Defense                  Time % Phy DF OF 
 1 Colby Cohen              John Draeger             60     1   3  1  
 2 Colby Cohen              Eric Mestery             40     1   3  1  

4 vs 4 Forward 
   Center                   Wing                     Time % Phy DF OF 
 1 Max Domi                 Dwight King              60     0   2  3  
 2 Nikolaj Ehlers           William Nylander         40     0   2  3  

4 vs 4 Defense
   Defense                  Defense                  Time % Phy DF OF 
 1 Colby Cohen              Eric Gustafsson          60     0   2  3  
 2 Wiley Sherman            John Draeger             40     0   2  3  

Last Minutes Offensive
   Center                   Left Wing                Right Wing               Defense                  Defense                  
   James Wright             Max Domi                 William Nylander         Wiley Sherman            Eric Gustafsson          

Last Minutes Defensive
   Center                   Left Wing                Right Wing               Defense                  Defense                  
   Chris Tierney            Dwight King              Corey Tropp              Colby Cohen              John Draeger             

Goaltenders
Starting : Connor Hellebyuk         
Backup : Thatcher Demko           

Extra Forwards
Normal : Dwight King, Michael Chaput, Anthony Nigro - PP : Michael Chaput, Dwight King - PK : Dwight King
Extra Defensemen
Normal : John Draeger, Eric Gustafsson, Colby Cohen - PP : John Draeger - PK : Colby Cohen, Wiley Sherman
Penalty Shots
Max Domi, Nikolaj Ehlers, William Nylander, James Wright, Chris Tierney

Scratches
Freddie Hamilton (Healthy), Carl Dahlstrom (Healthy), Travis Sanheim (Strained Left Knee Injury), Axel Holmstrom (Healthy), Keegan Iverson (Healthy)
Andrew Hammond (Healthy)

Gangsters

5 vs 5 Forward 
   Center                   Left Wing                Right Wing               Time % Phy DF OF 
 1 Artem Anisimov           Dave Dziurzynski         Devante Smith-Pelly      40     1   2  2  
 2 Seth Griffith            David Pope               Richard Panik            30     1   2  2  
 3 Kevin Roy                Phillip Danault          Stefan Noesen            20     1   2  2  
 4 Adam Lowry               Samuel Blais             Sebastian Collberg       10     1   2  2  

5 vs 5 Defense 
   Defense                  Defense                                           Time % Phy DF OF 
 1 Matt Delahey             Brett Ponich                                      40     1   2  2  
 2 Morgan Ellis             Jonas Brodin                                      30     1   2  2  
 3 Derrick Pouliot          Ryan Culkin                                       20     1   2  2  
 4 Steven Santini           Joshua Jacobs                                     10     1   2  2  

PowerPlay Forward 
   Center                   Left Wing                Right Wing               Time % Phy DF OF 
 1 Artem Anisimov           Dave Dziurzynski         Devante Smith-Pelly      60     1   2  2  
 2 Seth Griffith            David Pope               Richard Panik            40     1   2  2  

PowerPlay Defense
   Defense                  Defense                                           Time % Phy DF OF 
 1 Matt Delahey             Brett Ponich                                      60     1   2  2  
 2 Morgan Ellis             Jonas Brodin                                      40     1   2  2  

Penalty Kill 4 Players Forward 
   Center                   Wing                     Time % Phy DF OF 
 1 Artem Anisimov           Devante Smith-Pelly      60     1   2  2  
 2 Richard Panik            Dave Dziurzynski         40     1   2  2  

Penalty Kill 4 Players Defense
   Defense                  Defense                  Time % Phy DF OF 
 1 Matt Delahey             Brett Ponich             60     1   2  2  
 2 Morgan Ellis             Jonas Brodin             40     1   2  2  

Penalty Kill - 3 Players Forward 
   Forward                                           Time % Phy DF OF 
 1 Artem Anisimov                                    60     1   2  2  
 2 Devante Smith-Pelly                               40     1   2  2  

Penalty Kill - 3 Players Defense
   Defense                  Defense                  Time % Phy DF OF 
 1 Matt Delahey             Brett Ponich             60     1   2  2  
 2 Morgan Ellis             Jonas Brodin             40     1   2  2  

4 vs 4 Forward 
   Center                   Wing                     Time % Phy DF OF 
 1 Artem Anisimov           Devante Smith-Pelly      60     1   2  2  
 2 Richard Panik            Dave Dziurzynski         40     1   2  2  

4 vs 4 Defense
   Defense                  Defense                  Time % Phy DF OF 
 1 Matt Delahey             Brett Ponich             60     1   2  2  
 2 Morgan Ellis             Jonas Brodin             40     1   2  2  

Last Minutes Offensive
   Center                   Left Wing                Right Wing               Defense                  Defense                  
   Artem Anisimov           Dave Dziurzynski         Devante Smith-Pelly      Matt Delahey             Brett Ponich             

Last Minutes Defensive
   Center                   Left Wing                Right Wing               Defense                  Defense                  
   Artem Anisimov           Dave Dziurzynski         Devante Smith-Pelly      Matt Delahey             Brett Ponich             

Goaltenders
Starting : Dustin Tokarski          
Backup : Jordan Binnington        

Extra Forwards
Normal : Julius Vahatalo, Jake Marchment, Connor Chatam - PP : Julius Vahatalo, Jake Marchment - PK : Connor Chatam
Extra Defensemen
Normal : Jordan Subban, Jacob Middleton, Derrick Pouliot - PP : Jordan Subban - PK : Jacob Middleton, Derrick Pouliot
Penalty Shots
Artem Anisimov, Devante Smith-Pelly, Richard Panik, Dave Dziurzynski, Stefan Noesen

Scratches
Hugo Fagerblom (Healthy)

% Time on Ice - Atomiques

Lines # - Real PCT - Wanted PCT - Time Play
Normal Forward
1 - 32% - 35% - 14:53
2 - 27% - 30% - 12:14
3 - 24% - 30% - 11:01
4 - 17% - 5% - 7:40
Normal Defense
1 - 39% - 40% - 18:05
2 - 32% - 30% - 14:33
3 - 24% - 20% - 10:55
4 - 5% - 10% - 2:15
PP Forward
1 - 57% - 50% - 2:01
2 - 43% - 50% - 1:32
PP Defense
1 - 85% - 60% - 3:00
2 - 15% - 40% - 0:33
PK Forward
1 - 76% - 60% - 7:08
2 - 24% - 40% - 2:16
PK Defense
1 - 68% - 60% - 6:25
2 - 32% - 40% - 2:59
PK3 Forward
1 - 0% - 60%
2 - 0% - 40%
PK3 Defense
1 - 0% - 60%
2 - 0% - 40%
44 Forward
1 - 71% - 60% - 0:53
2 - 29% - 40% - 0:22
44 Defense
1 - 100% - 60% - 1:15
2 - 0% - 40% - 0:00
Last Minute Offensive  - 0:00
Last Minute Defensive  - 0:00
Total
Forward - 60:00
Defense - 60:00

% Time on Ice - Gangsters

Lines # - Real PCT - Wanted PCT - Time Play
Normal Forward
1 - 33% - 40% - 15:18
2 - 27% - 30% - 12:17
3 - 22% - 20% - 10:14
4 - 17% - 10% - 7:59
Normal Defense
1 - 38% - 40% - 17:32
2 - 31% - 30% - 14:10
3 - 22% - 20% - 9:57
4 - 9% - 10% - 4:09
PP Forward
1 - 57% - 60% - 5:23
2 - 43% - 40% - 4:01
PP Defense
1 - 58% - 60% - 5:25
2 - 42% - 40% - 3:59
PK Forward
1 - 87% - 60% - 3:05
2 - 13% - 40% - 0:28
PK Defense
1 - 83% - 60% - 2:57
2 - 17% - 40% - 0:36
PK3 Forward
1 - 0% - 60%
2 - 0% - 40%
PK3 Defense
1 - 0% - 60%
2 - 0% - 40%
44 Forward
1 - 71% - 60% - 0:53
2 - 29% - 40% - 0:22
44 Defense
1 - 52% - 60% - 0:39
2 - 48% - 40% - 0:36
Last Minute Offensive  - 0:00
Last Minute Defensive  - 0:00
Total
Forward - 60:00
Defense - 60:00

Play-by-Play

1st period


0:01 of 1st period - Chris Tierney wins face-off versus Artem Anisimov in neutral zone.
0:10 of 1st period - Snap shot by Max Domi.
0:10 of 1st period - Deflect By Corey Tropp.
0:10 of 1st period - Stopped by Dustin Tokarski with a rebound.
0:38 of 1st period - Wrist shot by Michael Chaput.
0:38 of 1st period - Shot Blocked by Matt Delahey.
0:48 of 1st period - Snap shot by Artem Anisimov.
0:48 of 1st period - Stopped by Connor Hellebyuk without a rebound.
0:49 of 1st period - James Wright wins face-off versus Seth Griffith in Atomiques zone.
0:59 of 1st period - Off-side.
1:00 of 1st period - Anthony Nigro wins face-off versus Kevin Roy in neutral zone.
1:05 of 1st period - Snap shot by Dalton Smith.
1:05 of 1st period - Deflect By Anthony Nigro.
1:05 of 1st period - Shot Misses the Net.
1:05 of 1st period - Puck is out of play.
1:06 of 1st period - Kevin Roy wins face-off versus Anthony Nigro in Gangsters zone.
1:15 of 1st period - Kevin Roy is hit by John Draeger and loses puck.
2:36 of 1st period - Off-side.
2:37 of 1st period - Anthony Nigro wins face-off versus Kevin Roy in neutral zone.
2:42 of 1st period - Slapshot by Anthony Nigro.
2:42 of 1st period - Shot Misses the Net.
3:26 of 1st period - Wrist shot by James Wright.
3:26 of 1st period - Stopped by Dustin Tokarski with a rebound.
3:35 of 1st period - Off-side.
3:36 of 1st period - Adam Lowry wins face-off versus Michael Chaput in neutral zone.
4:08 of 1st period - Snap shot by Seth Griffith.
4:08 of 1st period - Shot Blocked by Wiley Sherman.
4:50 of 1st period - Snap shot by Stefan Noesen.
4:50 of 1st period - Shot Blocked by Eric Mestery.
4:52 of 1st period - Slapshot by Morgan Ellis.
4:52 of 1st period - Stopped by Connor Hellebyuk with a rebound.
4:54 of 1st period - Snap shot by Jonas Brodin.
4:54 of 1st period - Shot Misses the Net.
5:12 of 1st period - Snap shot by Michael Chaput.
5:12 of 1st period - Shot Misses the Net.
5:34 of 1st period - Slapshot by James Wright.
5:34 of 1st period - Shot Misses the Net.
5:36 of 1st period - Snap shot by William Nylander.
5:36 of 1st period - Shot Blocked by Jonas Brodin.
5:38 of 1st period - Snap shot by James Wright.
5:38 of 1st period - Shot Blocked by Jonas Brodin.
5:48 of 1st period - Chris Tierney is hit by Artem Anisimov and loses puck.
6:01 of 1st period - Artem Anisimov is hit by Corey Tropp.
6:11 of 1st period - Wiley Sherman is hit by Morgan Ellis.
6:14 of 1st period - Off-side.
6:15 of 1st period - Michael Chaput wins face-off versus Seth Griffith in neutral zone.
6:18 of 1st period - Snap shot by Michael Chaput.
6:18 of 1st period - Stopped by Dustin Tokarski with a rebound.
7:26 of 1st period - Snap shot by Michael Chaput.
7:26 of 1st period - Stopped by Dustin Tokarski without a rebound.
7:27 of 1st period - Chris Tierney wins face-off versus Artem Anisimov in Gangsters zone.
7:32 of 1st period - Snap shot by Chris Tierney.
7:32 of 1st period - Goal by Chris Tierney - Atomiques : 1 - Gangsters : 0.
7:33 of 1st period - James Wright wins face-off versus Artem Anisimov in neutral zone.
8:38 of 1st period - Snap shot by Nikolaj Ehlers.
8:38 of 1st period - Shot Misses the Net.
8:48 of 1st period - Wrist shot by Richard Panik.
8:48 of 1st period - Shot Blocked by Wiley Sherman.
8:58 of 1st period - Artem Anisimov is hit by Michael Chaput and loses puck.
9:09 of 1st period - Snap shot by Michael Chaput.
9:09 of 1st period - Deflect By Dwight King.
9:09 of 1st period - Goal by Dwight King - Atomiques : 2 - Gangsters : 0.
9:10 of 1st period - Max Domi wins face-off versus Artem Anisimov in neutral zone.
9:23 of 1st period - Snap shot by Corey Tropp.
9:23 of 1st period - Goal by Corey Tropp - Atomiques : 3 - Gangsters : 0.
9:24 of 1st period - Corey Tropp wins face-off versus Artem Anisimov in neutral zone.
9:45 of 1st period - Minor Penalty to Corey Tropp for Holding.
9:46 of 1st period - Artem Anisimov wins face-off versus Chris Tierney in Atomiques zone.
9:51 of 1st period - Snap shot by Dave Dziurzynski.
9:51 of 1st period - Deflect By Devante Smith-Pelly.
9:51 of 1st period - Shot Misses the Net.
9:51 of 1st period - Puck is out of play.
9:52 of 1st period - Artem Anisimov wins face-off versus Chris Tierney in Atomiques zone.
9:53 of 1st period - Slapshot by Devante Smith-Pelly.
9:53 of 1st period - Shot Blocked by John Draeger.
11:23 of 1st period - Devante Smith-Pelly is hit by Dwight King and loses puck.
11:45 of 1st period - Penalty to Corey Tropp is over, Corey Tropp is back on ice.
12:31 of 1st period - Slapshot by Steven Santini.
12:31 of 1st period - Shot Misses the Net.
13:11 of 1st period - Devante Smith-Pelly is hit by William Nylander and loses puck.
13:37 of 1st period - Colby Cohen is hit by Samuel Blais and loses puck.
14:40 of 1st period - Ryan Culkin is hit by Max McCormick and loses puck.
15:51 of 1st period - Wrist shot by Stefan Noesen.
15:51 of 1st period - Shot Blocked by Corey Tropp.
16:07 of 1st period - Snap shot by Chris Tierney.
16:07 of 1st period - Stopped by Dustin Tokarski with a rebound.
16:27 of 1st period - Snap shot by Michael Chaput.
16:27 of 1st period - Shot Misses the Net.
16:29 of 1st period - Wrist shot by Michael Chaput.
16:29 of 1st period - Stopped by Dustin Tokarski with a rebound.
16:31 of 1st period - Slapshot by Eric Mestery.
16:31 of 1st period - Stopped by Dustin Tokarski with a rebound.
16:33 of 1st period - Slapshot by Dwight King.
16:33 of 1st period - Shot Blocked by Morgan Ellis.
16:53 of 1st period - Wrist shot by James Wright.
16:53 of 1st period - Shot Misses the Net.
17:03 of 1st period - Phillip Danault is hit by Colby Cohen and loses puck.
17:14 of 1st period - Slapshot by Kevin Roy.
17:14 of 1st period - Shot Misses the Net.
17:28 of 1st period - Slapshot by Dwight King.
17:28 of 1st period - Stopped by Dustin Tokarski without a rebound.
17:29 of 1st period - Adam Lowry wins face-off versus Michael Chaput in Gangsters zone.
18:20 of 1st period - Slapshot by David Pope.
18:20 of 1st period - Shot Blocked by John Draeger.
18:22 of 1st period - Slapshot by Steven Santini.
18:22 of 1st period - Shot Misses the Net.
18:24 of 1st period - Wrist shot by David Pope.
18:24 of 1st period - Shot Blocked by Max Domi.
18:38 of 1st period - Dwight King is hit by Kevin Roy and loses puck.
19:09 of 1st period - Slapshot by Matt Delahey.
19:09 of 1st period - Deflect By Samuel Blais.
19:09 of 1st period - Stopped by Connor Hellebyuk without a rebound.
19:10 of 1st period - Chris Tierney wins face-off versus Artem Anisimov in Atomiques zone.
19:10 of 1st period - Chris Tierney is hit by Devante Smith-Pelly.
19:25 of 1st period - Corey Tropp is hit by Dave Dziurzynski and loses puck.
19:45 of 1st period - Snap shot by David Pope.
19:45 of 1st period - Deflect By Richard Panik.
19:45 of 1st period - Shot Blocked by Eric Mestery.
19:45 of 1st period - Puck is out of play.
19:46 of 1st period - James Wright wins face-off versus Seth Griffith in Atomiques zone.
19:51 of 1st period - Nikolaj Ehlers is hit by Matt Delahey and loses puck.
Goals for this period are 3 for Atomiques vs 0 for Gangsters.
Shots for this period are 11 for Atomiques vs 3 for Gangsters.

2nd period


0:01 of 2nd period - Chris Tierney wins face-off versus Artem Anisimov in neutral zone.
0:26 of 2nd period - Richard Panik is hit by William Nylander and loses puck.
0:49 of 2nd period - Slapshot by Michael Chaput.
0:49 of 2nd period - Stopped by Dustin Tokarski without a rebound.
0:50 of 2nd period - Artem Anisimov wins face-off versus Michael Chaput in Gangsters zone.
0:57 of 2nd period - Wrist shot by Michael Chaput.
0:57 of 2nd period - Shot Misses the Net.
0:59 of 2nd period - Wrist shot by Michael Chaput.
0:59 of 2nd period - Shot Misses the Net.
1:15 of 2nd period - Max Domi is hit by Brett Ponich and loses puck.
1:44 of 2nd period - Snap shot by Kevin Roy.
1:44 of 2nd period - Stopped by Connor Hellebyuk with a rebound.
2:21 of 2nd period - Snap shot by Michael Chaput.
2:21 of 2nd period - Stopped by Dustin Tokarski without a rebound.
2:22 of 2nd period - Artem Anisimov wins face-off versus Chris Tierney in Gangsters zone.
2:26 of 2nd period - Off-side.
2:27 of 2nd period - Chris Tierney wins face-off versus Artem Anisimov in neutral zone.
2:30 of 2nd period - Dave Dziurzynski is hit by John Draeger and loses puck.
2:41 of 2nd period - Wrist shot by Corey Tropp.
2:41 of 2nd period - Stopped by Dustin Tokarski with a rebound.
2:43 of 2nd period - Slapshot by John Draeger.
2:43 of 2nd period - Stopped by Dustin Tokarski without a rebound.
2:44 of 2nd period - James Wright wins face-off versus David Pope in Gangsters zone.
3:18 of 2nd period - Wrist shot by Devante Smith-Pelly.
3:18 of 2nd period - Shot Misses the Net.
4:47 of 2nd period - Phillip Danault is hit by John Draeger and loses puck.
5:12 of 2nd period - Backhand shot by Seth Griffith.
5:12 of 2nd period - Stopped by Connor Hellebyuk without a rebound.
5:13 of 2nd period - Seth Griffith wins face-off versus Michael Chaput in Atomiques zone.
5:18 of 2nd period - Slapshot by Richard Panik.
5:18 of 2nd period - Stopped by Connor Hellebyuk without a rebound.
5:19 of 2nd period - Chris Tierney wins face-off versus Artem Anisimov in Atomiques zone.
5:19 of 2nd period - Chris Tierney is hit by Dave Dziurzynski.
5:29 of 2nd period - Snap shot by Corey Tropp.
5:29 of 2nd period - Shot Misses the Net.
5:47 of 2nd period - Wrist shot by Kevin Roy.
5:47 of 2nd period - Stopped by Connor Hellebyuk without a rebound.
5:48 of 2nd period - Nikolaj Ehlers wins face-off versus Stefan Noesen in Atomiques zone.
5:48 of 2nd period - Nikolaj Ehlers is hit by Phillip Danault.
6:13 of 2nd period - Matt Delahey is hit by Dalton Smith and loses puck.
6:39 of 2nd period - Snap shot by Artem Anisimov.
6:39 of 2nd period - Shot Misses the Net.
6:41 of 2nd period - Slapshot by Ryan Culkin.
6:41 of 2nd period - Stopped by Connor Hellebyuk with a rebound.
6:43 of 2nd period - Backhand shot by Ryan Culkin.
6:43 of 2nd period - Shot Misses the Net.
7:29 of 2nd period - Backhand shot by James Wright.
7:29 of 2nd period - Stopped by Dustin Tokarski without a rebound.
7:30 of 2nd period - Artem Anisimov wins face-off versus Chris Tierney in Gangsters zone.
7:51 of 2nd period - Minor Penalty to Brett Ponich for Cross-checking.
7:52 of 2nd period - Devante Smith-Pelly wins face-off versus James Wright in Gangsters zone.
8:27 of 2nd period - Snap shot by Nikolaj Ehlers.
8:27 of 2nd period - Goal by Nikolaj Ehlers - Atomiques : 4 - Gangsters : 0.
8:27 of 2nd period - Jordan Binnington enters game.
8:28 of 2nd period - Seth Griffith wins face-off versus Michael Chaput in neutral zone.
8:53 of 2nd period - Seth Griffith is hit by John Draeger and loses puck.
9:06 of 2nd period - Snap shot by David Pope.
9:06 of 2nd period - Deflect By Corey Tropp.
9:06 of 2nd period - Stopped by Connor Hellebyuk with a rebound.
9:08 of 2nd period - Slapshot by Matt Delahey.
9:08 of 2nd period - Shot Misses the Net.
9:10 of 2nd period - Wrist shot by Seth Griffith.
9:10 of 2nd period - Stopped by Connor Hellebyuk with a rebound.
9:12 of 2nd period - Slapshot by Richard Panik.
9:12 of 2nd period - Shot Misses the Net.
9:14 of 2nd period - Snap shot by Richard Panik.
9:14 of 2nd period - Shot Blocked by John Draeger.
9:16 of 2nd period - Slapshot by Brett Ponich.
9:16 of 2nd period - Stopped by Connor Hellebyuk with a rebound.
9:18 of 2nd period - Snap shot by David Pope.
9:18 of 2nd period - Shot Misses the Net.
9:20 of 2nd period - Slapshot by Seth Griffith.
9:20 of 2nd period - Shot Misses the Net.
9:22 of 2nd period - Wrist shot by David Pope.
9:22 of 2nd period - Stopped by Connor Hellebyuk with a rebound.
9:24 of 2nd period - Snap shot by David Pope.
9:24 of 2nd period - Stopped by Connor Hellebyuk with a rebound.
9:26 of 2nd period - Snap shot by Richard Panik.
9:26 of 2nd period - Stopped by Connor Hellebyuk with a rebound.
9:28 of 2nd period - Wrist shot by Richard Panik.
9:28 of 2nd period - Stopped by Connor Hellebyuk with a rebound.
9:30 of 2nd period - Snap shot by Richard Panik.
9:30 of 2nd period - Shot Misses the Net.
9:32 of 2nd period - Wrist shot by Richard Panik.
9:32 of 2nd period - Shot Blocked by Chris Tierney.
9:34 of 2nd period - Snap shot by Seth Griffith.
9:34 of 2nd period - Shot Blocked by Corey Tropp.
9:36 of 2nd period - Snap shot by Joshua Jacobs.
9:36 of 2nd period - Deflect By Seth Griffith.
9:36 of 2nd period - Goal by Seth Griffith - Atomiques : 4 - Gangsters : 1.
9:37 of 2nd period - Devante Smith-Pelly wins face-off versus James Wright in neutral zone.
9:50 of 2nd period - Wrist shot by Dave Dziurzynski.
9:50 of 2nd period - Shot Hit the Post.
10:04 of 2nd period - Eric Gustafsson is hit by Kevin Roy and loses puck.
10:27 of 2nd period - Backhand shot by Chris Tierney.
10:27 of 2nd period - Goal by Chris Tierney - Atomiques : 5 - Gangsters : 1.
10:28 of 2nd period - James Wright wins face-off versus Artem Anisimov in neutral zone.
10:41 of 2nd period - Snap shot by Artem Anisimov.
10:41 of 2nd period - Goal by Artem Anisimov - Atomiques : 5 - Gangsters : 2.
10:42 of 2nd period - Artem Anisimov wins face-off versus Michael Chaput in neutral zone.
11:08 of 2nd period - Nikolaj Ehlers is hit by Richard Panik and loses puck.
11:16 of 2nd period - Wiley Sherman is hit by Morgan Ellis and loses puck.
11:34 of 2nd period - Minor Penalty to Max Domi for Hooking.
11:35 of 2nd period - Artem Anisimov wins face-off versus Chris Tierney in Atomiques zone.
11:45 of 2nd period - Snap shot by Devante Smith-Pelly.
11:45 of 2nd period - Deflect By Dave Dziurzynski.
11:45 of 2nd period - Shot Misses the Net.
11:45 of 2nd period - Puck is out of play.
11:46 of 2nd period - Artem Anisimov wins face-off versus Chris Tierney in Atomiques zone.
11:55 of 2nd period - Snap shot by Devante Smith-Pelly.
11:55 of 2nd period - Stopped by Connor Hellebyuk with a rebound.
12:11 of 2nd period - Chris Tierney is hit by David Pope and loses puck.
13:34 of 2nd period - Penalty to Max Domi is over, Max Domi is back on ice.
13:39 of 2nd period - Max Domi is hit by Jonas Brodin.
14:58 of 2nd period - Slapshot by Eric Gustafsson.
14:58 of 2nd period - Shot Misses the Net.
15:10 of 2nd period - Snap shot by Max Domi.
15:10 of 2nd period - Goal by Max Domi - Atomiques : 6 - Gangsters : 2.
15:11 of 2nd period - Artem Anisimov wins face-off versus Michael Chaput in neutral zone.
15:23 of 2nd period - Artem Anisimov and Eric Gustafsson fight to a draw.
15:23 of 2nd period - Penalty to Artem Anisimov for Fighting.
15:23 of 2nd period - Penalty to Eric Gustafsson for Fighting.
15:24 of 2nd period - Julius Vahatalo wins face-off versus Bobby Farnham in Atomiques zone.
15:33 of 2nd period - Wrist shot by Devante Smith-Pelly.
15:33 of 2nd period - Shot Misses the Net.
15:35 of 2nd period - Slapshot by Matt Delahey.
15:35 of 2nd period - Stopped by Connor Hellebyuk without a rebound.
15:36 of 2nd period - Julius Vahatalo wins face-off versus Michael Chaput in Atomiques zone.
15:43 of 2nd period - Wrist shot by Dave Dziurzynski.
15:43 of 2nd period - Deflect By Devante Smith-Pelly.
15:43 of 2nd period - Shot Misses the Net.
15:43 of 2nd period - Puck is out of play.
15:44 of 2nd period - Julius Vahatalo wins face-off versus Michael Chaput in Atomiques zone.
16:15 of 2nd period - Wiley Sherman is hit by David Pope and loses puck.
17:11 of 2nd period - Backhand shot by Michael Chaput.
17:11 of 2nd period - Deflect By Bobby Farnham.
17:11 of 2nd period - Stopped by Jordan Binnington with a rebound.
17:13 of 2nd period - Snap shot by Michael Chaput.
17:13 of 2nd period - Shot Misses the Net.
17:51 of 2nd period - Slapshot by Phillip Danault.
17:51 of 2nd period - Stopped by Connor Hellebyuk without a rebound.
17:52 of 2nd period - Kevin Roy wins face-off versus James Wright in Atomiques zone.
18:28 of 2nd period - Snap shot by Stefan Noesen.
18:28 of 2nd period - Stopped by Connor Hellebyuk with a rebound.
18:30 of 2nd period - Slapshot by Matt Delahey.
18:30 of 2nd period - Stopped by Connor Hellebyuk with a rebound.
18:32 of 2nd period - Slapshot by Brett Ponich.
18:32 of 2nd period - Stopped by Connor Hellebyuk without a rebound.
18:33 of 2nd period - Julius Vahatalo wins face-off versus Chris Tierney in Atomiques zone.
19:34 of 2nd period - Wrist shot by Devante Smith-Pelly.
19:34 of 2nd period - Stopped by Connor Hellebyuk without a rebound.
19:35 of 2nd period - Seth Griffith wins face-off versus Chris Tierney in Atomiques zone.
Goals for this period are 3 for Atomiques vs 2 for Gangsters.
Shots for this period are 9 for Atomiques vs 21 for Gangsters.

3rd period


0:01 of 3rd period - Chris Tierney wins face-off versus Julius Vahatalo in neutral zone.
0:16 of 3rd period - Slapshot by Chris Tierney.
0:16 of 3rd period - Deflect By Max Domi.
0:16 of 3rd period - Stopped by Jordan Binnington with a rebound.
0:26 of 3rd period - Dwight King is hit by Matt Delahey and loses puck.
0:42 of 3rd period - Minor Penalty to Bobby Farnham for Roughing.
0:43 of 3rd period - Chris Tierney wins face-off versus Artem Anisimov in Atomiques zone.
1:08 of 3rd period - Matt Delahey is hit by Dwight King and loses puck.
1:12 of 3rd period - Icing by Matt Delahey.
1:13 of 3rd period - Chris Tierney wins face-off versus Seth Griffith in Gangsters zone.
1:22 of 3rd period - Snap shot by Seth Griffith.
1:22 of 3rd period - Shot Misses the Net.
1:26 of 3rd period - Wrist shot by Devante Smith-Pelly.
1:26 of 3rd period - Goal by Devante Smith-Pelly - Atomiques : 6 - Gangsters : 3.
1:27 of 3rd period - James Wright wins face-off versus Artem Anisimov in neutral zone.
2:37 of 3rd period - Morgan Ellis is hit by Dwight King and loses puck.
2:42 of 3rd period - Wrist shot by Michael Chaput.
2:42 of 3rd period - Stopped by Jordan Binnington with a rebound.
2:44 of 3rd period - Wrist shot by Bobby Farnham.
2:44 of 3rd period - Shot Blocked by Morgan Ellis.
2:56 of 3rd period - Snap shot by Artem Anisimov.
2:56 of 3rd period - Stopped by Connor Hellebyuk with a rebound.
2:58 of 3rd period - Snap shot by Dave Dziurzynski.
2:58 of 3rd period - Shot Blocked by Eric Mestery.
3:00 of 3rd period - Snap shot by Artem Anisimov.
3:00 of 3rd period - Shot Blocked by Nikolaj Ehlers.
3:02 of 3rd period - Snap shot by Artem Anisimov.
3:02 of 3rd period - Deflect By Dave Dziurzynski.
3:02 of 3rd period - Shot Misses the Net.
3:02 of 3rd period - Puck is out of play.
3:03 of 3rd period - Chris Tierney wins face-off versus Artem Anisimov in Atomiques zone.
3:33 of 3rd period - Minor Penalty to Matt Delahey for Holding.
3:34 of 3rd period - Artem Anisimov wins face-off versus Chris Tierney in Gangsters zone.
5:33 of 3rd period - Penalty to Matt Delahey is over, Matt Delahey is back on ice.
5:41 of 3rd period - Eric Mestery is hit by Derrick Pouliot.
5:51 of 3rd period - Wrist shot by Sebastian Collberg.
5:51 of 3rd period - Shot Blocked by Bobby Farnham.
5:53 of 3rd period - Slapshot by Brett Ponich.
5:53 of 3rd period - Shot Blocked by Bobby Farnham.
6:04 of 3rd period - Off-side.
6:05 of 3rd period - Anthony Nigro wins face-off versus Richard Panik in neutral zone.
6:14 of 3rd period - Snap shot by Anthony Nigro.
6:14 of 3rd period - Deflect By Max McCormick.
6:14 of 3rd period - Shot Blocked by David Pope.
6:14 of 3rd period - Puck is out of play.
6:15 of 3rd period - Artem Anisimov wins face-off versus Michael Chaput in Gangsters zone.
6:47 of 3rd period - Seth Griffith is hit by Chris Tierney and loses puck.
7:20 of 3rd period - Snap shot by Anthony Nigro.
7:20 of 3rd period - Shot Misses the Net.
7:22 of 3rd period - Slapshot by Anthony Nigro.
7:22 of 3rd period - Stopped by Jordan Binnington with a rebound.
7:24 of 3rd period - Slapshot by Eric Gustafsson.
7:24 of 3rd period - Shot Blocked by Jonas Brodin.
7:26 of 3rd period - Slapshot by Eric Gustafsson.
7:26 of 3rd period - Goal by Eric Gustafsson - Atomiques : 7 - Gangsters : 3.
7:27 of 3rd period - Artem Anisimov wins face-off versus Chris Tierney in neutral zone.
8:02 of 3rd period - Slapshot by David Pope.
8:02 of 3rd period - Goal by David Pope - Atomiques : 7 - Gangsters : 4.
8:03 of 3rd period - Artem Anisimov wins face-off versus Chris Tierney in neutral zone.
8:10 of 3rd period - Snap shot by Dave Dziurzynski.
8:10 of 3rd period - Shot Misses the Net.
8:12 of 3rd period - Wrist shot by Artem Anisimov.
8:12 of 3rd period - Deflect By Max Domi.
8:12 of 3rd period - Shot Misses the Net.
8:12 of 3rd period - Puck is out of play.
8:13 of 3rd period - Dave Dziurzynski wins face-off versus Chris Tierney in Atomiques zone.
8:26 of 3rd period - Snap shot by Artem Anisimov.
8:26 of 3rd period - Stopped by Connor Hellebyuk without a rebound.
8:27 of 3rd period - Nikolaj Ehlers wins face-off versus Artem Anisimov in Atomiques zone.
8:29 of 3rd period - Minor Penalty to James Wright for Roughing.
8:30 of 3rd period - Artem Anisimov wins face-off versus Chris Tierney in Atomiques zone.
8:40 of 3rd period - Snap shot by Dwight King.
8:40 of 3rd period - Goal by Dwight King - Atomiques : 8 - Gangsters : 4.
8:40 of 3rd period - Dustin Tokarski enters game.
8:41 of 3rd period - Chris Tierney wins face-off versus Artem Anisimov in neutral zone.
9:07 of 3rd period - John Draeger is hit by Dave Dziurzynski and loses puck.
9:24 of 3rd period - Wrist shot by Devante Smith-Pelly.
9:24 of 3rd period - Stopped by Connor Hellebyuk without a rebound.
9:25 of 3rd period - Seth Griffith wins face-off versus Chris Tierney in Atomiques zone.
9:56 of 3rd period - Slapshot by Eric Mestery.
9:56 of 3rd period - Shot Misses the Net.
10:03 of 3rd period - Icing by Dave Dziurzynski.
10:04 of 3rd period - Dave Dziurzynski wins face-off versus Michael Chaput in Gangsters zone.
10:29 of 3rd period - Penalty to James Wright is over, James Wright is back on ice.
10:42 of 3rd period - Wrist shot by Nikolaj Ehlers.
10:42 of 3rd period - Shot Misses the Net.
11:22 of 3rd period - Wrist shot by Dave Dziurzynski.
11:22 of 3rd period - Stopped by Connor Hellebyuk without a rebound.
11:23 of 3rd period - Chris Tierney wins face-off versus Artem Anisimov in Atomiques zone.
11:54 of 3rd period - Connor Clifton is hit by Stefan Noesen and loses puck.
12:17 of 3rd period - Eric Mestery is hit by Samuel Blais and loses puck.
13:08 of 3rd period - Devante Smith-Pelly is hit by James Wright and loses puck.
13:21 of 3rd period - Wrist shot by Stefan Noesen.
13:21 of 3rd period - Stopped by Connor Hellebyuk with a rebound.
13:23 of 3rd period - Slapshot by Derrick Pouliot.
13:23 of 3rd period - Shot Misses the Net.
13:25 of 3rd period - Wrist shot by Ryan Culkin.
13:25 of 3rd period - Stopped by Connor Hellebyuk with a rebound.
13:35 of 3rd period - Minor Penalty to Anthony Nigro for Hooking.
13:36 of 3rd period - Chris Tierney wins face-off versus Artem Anisimov in Atomiques zone.
15:00 of 3rd period - Mike Halmo is hit by Dave Dziurzynski and loses puck.
15:35 of 3rd period - Penalty to Anthony Nigro is over, Anthony Nigro is back on ice.
16:28 of 3rd period - Double Minor Penalty to Samuel Blais for High sticking.
16:29 of 3rd period - Artem Anisimov wins face-off versus James Wright in Gangsters zone.
16:38 of 3rd period - Slapshot by Eric Gustafsson.
16:38 of 3rd period - Shot Misses the Net.
16:40 of 3rd period - Snap shot by Corey Tropp.
16:40 of 3rd period - Stopped by Dustin Tokarski with a rebound.
16:42 of 3rd period - Snap shot by James Wright.
16:42 of 3rd period - Atomiques goal is going for a video replay.
16:42 of 3rd period - The goal is good.
16:42 of 3rd period - Goal by James Wright - Atomiques : 9 - Gangsters : 4.
16:43 of 3rd period - Artem Anisimov wins face-off versus Chris Tierney in neutral zone.
16:48 of 3rd period - Wrist shot by Artem Anisimov.
16:48 of 3rd period - Shot Blocked by Chris Tierney.
16:54 of 3rd period - Wrist shot by Nikolaj Ehlers.
16:54 of 3rd period - Stopped by Dustin Tokarski with a rebound.
16:56 of 3rd period - Wrist shot by Eric Gustafsson.
16:56 of 3rd period - Stopped by Dustin Tokarski without a rebound.
16:57 of 3rd period - James Wright wins face-off versus Artem Anisimov in Gangsters zone.
17:04 of 3rd period - Wrist shot by Max Domi.
17:04 of 3rd period - Deflect By James Wright.
17:04 of 3rd period - Shot Blocked by Artem Anisimov.
17:04 of 3rd period - Puck is out of play.
17:05 of 3rd period - James Wright wins face-off versus Artem Anisimov in Gangsters zone.
17:20 of 3rd period - Wrist shot by James Wright.
17:20 of 3rd period - Shot Misses the Net.
17:26 of 3rd period - Minor Penalty to Colby Cohen for Tripping.
17:27 of 3rd period - Max Domi wins face-off versus Artem Anisimov in Atomiques zone.
17:42 of 3rd period - Wrist shot by Dwight King.
17:42 of 3rd period - Stopped by Dustin Tokarski with a rebound.
18:42 of 3rd period - Penalty to Samuel Blais is over, Samuel Blais is back on ice.
19:26 of 3rd period - Penalty to Colby Cohen is over, Colby Cohen is back on ice.
19:59 of 3rd period - Wrist shot by Anthony Nigro.
19:59 of 3rd period - Stopped by Dustin Tokarski with a rebound.
Goals for this period are 3 for Atomiques vs 2 for Gangsters.
Shots for this period are 11 for Atomiques vs 8 for Gangsters.